 Dungeon Crawl Stone Soup version 0.16.1-11-g651b585 (webtiles) character file.

116 kobby the Sneak (level 4, 0/33 HPs)
             Began as a Demonspawn Assassin on Apr 5, 2015.
             Succumbed to an adder's poison
             ... on level 3 of the Dungeon.
             The game lasted 00:05:47 (2766 turns).

kobby the Sneak (Demonspawn Assassin)               Turns: 2766, Time: 00:05:48

Health: 0/33       AC:  4    Str: 12    XL:     4   Next: 70%
Magic:  4/4        EV: 13    Int: 12    God:
Gold:   98         SH:  0    Dex: 15    Spells: 0 memorised, 3 levels left

rFire  . . .     SeeInvis .     a - +2 dagger
rCold  . . .     Clarity  .     k - +0 robe
rNeg   . . .     SustAb   .     (no shield)
rPois  .         Gourm    .     (helmet restricted)
rElec  .         Spirit   .     d - +1 cloak
rCorr  .         Warding  .     (no gloves)
rMut   .         Stasis   .     (no boots)
MR     .....                    (no amulet)
Stlth  +++.......               (no ring)
                                m - -6 ring of slaying (curse)

@: lethally poisoned (0 -> -2), not resistant to hostile enchantments, fairly
stealthy
A: horns 1, powered by pain 1
a: no special abilities


You were on level 3 of the Dungeon.
You were not hungry.

You visited 1 branch of the dungeon, and saw 3 of its levels.

You collected 98 gold pieces.

Inventory:

Hand weapons
 a - a +2 dagger (weapon)
 b - a +0 blowgun
Missiles
 e - 8 poisoned needles
 f - 2 curare-tipped needles
Armour
 c - a +0 robe
 d - a +1 cloak (worn)
 k - a +0 robe (worn)
Jewellery
 m - a cursed -6 ring of slaying (left hand)
Scrolls
 i - a scroll of noise
 j - a scroll of fog
Potions
 l - a potion of poison
Comestibles
 g - 2 bread rations
 h - a meat ration


   Skills:
 + Level 2.2 Fighting
 + Level 2.3 Short Blades
 + Level 1.9 Throwing
 + Level 2.4 Dodging
 + Level 4.7 Stealth


You had 3 spell levels left.
You didn't know any spells.

Dungeon Overview and Level Annotations

Branches:
Dungeon (3/15)

Altars:
Kikubaaqudgha
Zin


Innate Abilities, Weirdness & Mutations

You have a pair of small horns on your head.
You sometimes gain a little power by taking damage.


Message History

Read which item? (? for menu, Esc to quit)
As you read the scroll labeled TUAFOE FRIHEFU, it crumbles to dust.
You feel aware of your surroundings.
It was a scroll of magic mapping.
* * * LOW HITPOINT WARNING * * *
You feel sick.
* * * LOW HITPOINT WARNING * * *
You feel sick.
You see here a scroll labeled ZAZOBR VUPLEW.
n - a scroll labeled ZAZOBR VUPLEW Read which item? (? for menu, Esc to quit)
As you read the scroll labeled ZAZOBR VUPLEW, it crumbles to dust.
It is a scroll of identify.
Identify which item? (\ to view known items) (? for menu, Esc to quit)
l - a potion of poison
* * * LOW HITPOINT WARNING * * *
You feel sick.
Drink which item? (? for menu, Esc to quit)
Why would you want to do that?
There is a lethal amount of poison in your body!
You die...

,,,,,,###'########.*,*,,******,,,
,,,,,,#..............*,,,,,,,+,,,
,,,,,,#....#######.####,******,,,
,,,,,,#....####.......,,,,,,,*,,,
******#..........##.###,****,*,,,
* #......†........*,.,,,,****
***** #..........)#.#.....,,,,,,*
*,,,* #..............<....,,,,,,*
*,,,* #.........@##.......,,,,,,*
*,,,**#########..........,,,,,,,*
*,,,,,,,,,****######.....,,,,,,,*
+,,,,,,,,,,,,,,,,,,,,,..#********
*,,,,,,,,,***********,*.,,,,,,,,,
*,,,,,,,,,* ******* *,*,,,,,,,,,,
*,,,,,,,,,* *,,,,,* *,*,,,,,,,,,,
*,,,,,,,,,* *,,,,,* *,*,,,,,,,,,,
*,,,,,,,,,* *,,,,,* *,*,,***,,,**


There were no monsters in sight!

Vanquished Creatures
  Jessica (D:2)
  A gnoll (D:1)
  4 adders
  2 worms (D:2)
  An ooze (D:1)
  An orc (D:3)
  6 bats (D:1)
  4 giant cockroaches
  A goblin (D:2)
  4 hobgoblins
  9 jackals (D:2)
  A ball python (D:2)
  A giant gecko (D:2)
  2 giant newts (D:1)
  4 kobolds
  5 rats (D:1)
47 creatures vanquished.

Notes
Turn   | Place    | Note
--------------------------------------------------------------
     0 | D:1      | kobby, the Demonspawn Assassin, began the quest for the Orb.
     0 | D:1      | Reached XP level 1. HP: 16/16 MP: 1/1
   282 | D:1      | Reached skill level 1 in Dodging
   419 | D:1      | Reached skill level 4 in Stealth
   419 | D:1      | Gained mutation: You have a pair of small horns on your head. [demonic ancestry]
   419 | D:1      | Reached XP level 2. HP: 22/22 MP: 2/2
   834 | D:1      | Reached XP level 3. HP: 18/27 MP: 3/3
  1708 | D:2      | Noticed Jessica
  1719 | D:2      | Killed Jessica
  1719 | D:2      | Gained mutation: You sometimes gain a little power by taking damage. [demonic ancestry]
  1719 | D:2      | Reached XP level 4. HP: 18/33 MP: 4/4
  1720 | D:2      | Found an ancient bone altar of Kikubaaqudgha.
  1740 | D:2      | Found a glowing silver altar of Zin.
  2762 | D:3      | HP: 1/33 [poisoned by an adder]
  2766 | D:3      | Succumbed to an adder's poison

Action                   |  1- 3 |  4- 6 || total
-------------------------+-------+-------++-------
Melee: Dagger            |   118 |    78 ||   196
  Use: Scroll            |       |     6 ||     6
 Stab: Sleeping          |     6 |       ||     6
  Eat: Meat ration       |     1 |       ||     1
       Beef jerky        |     1 |       ||     1
